 Dungeon Crawl Stone Soup version 0.31-a0-841-g038b102fc3 (webtiles) character file.

Game seed: 12670439517737055148

1 Bravepunisher the Ducker (level 1, 0/11 HPs)
             Began as a Spriggan Monk on Sept 27, 2023.
             Slain by a hound (5 damage)
             ... on level 6 of the Dungeon.
             The game lasted 00:01:41 (397 turns).

Bravepunisher the Ducker (Spriggan Monk)             Turns: 397, Time: 00:01:42

Health: 0/11       AC:  2    Str:  7    XL:     1   Next: 16%
Magic:  2/2        EV: 18    Int: 11    God:
Gold:   0          SH:  0    Dex: 17    Spells: 0/0 levels left

rFire   . . .        a - +0 short sword
rCold   . . .        (no shield)
rNeg    . . .        b - +0 robe
rPois   .            (helmet restricted)
rElec   .            (no cloak)
rCorr   .            (gloves unavailable)
SInv    +            (boots unavailable)
Will    .....        (no amulet)
Stlth   ++           (no ring)
HPRegen 0.21/turn    (no ring)
MPRegen 0.08/turn

%: no passive effects
@: very quick
A: very small, no large weapons, unfitting armour, see invisible, speed 3
a: no special abilities


You were on level 6 of the Dungeon.
You visited 1 branch of the dungeon, and saw 6 of its levels.

Inventory:

Hand Weapons
 a - a +0 short sword (weapon)
Armour
 b - a +0 robe (worn)
Scrolls
 e - a scroll of poison {unknown}
 f - a scroll of blinking {unknown}


   Skills:
 * Level 2.4 Fighting
 - Level 3.2 Short Blades
 + Level 4.0 Dodging


You couldn't memorise any spells.
You didn't know any spells.
Your spell library was empty.

Dungeon Overview and Level Annotations

Branches:
Dungeon (6/15)
 Temple: D:4-7

Altars:

Annotations:
D:2 Natasha


Innate Abilities, Weirdness & Mutations

You are very small and have problems with some larger weapons.
You are too small for most types of armour.
You have supernaturally acute eyesight. (SInv)
You cover ground extremely quickly. (Speed+++)


Message History

As you read the scroll labelled VOKHEABR EJAA, it crumbles to dust.
You hear a loud clanging noise!
It was a scroll of noise.
You hear an angry growl.
You hear an angry hiss.
You hear an angry growl.
You hear a shout! x10
The hound bites you. x2
* * * LOW HITPOINT WARNING * * *
You are confused.
You feel invigorated. The hound barely misses you.
Unknown command.
You bump into the rock wall.
The hound bites you. x2
You hit the hound but do no damage. The hound closely misses you.
You're too confused to move!
The hound misses you. The hound barely misses you.
You closely miss the hound. The hound misses you.
You barely miss the hound.
You feel less invigorated.
You feel less confused. The hound closely misses you.
The hound barely misses you.
You closely miss the hound. The hound misses you.
You hit the hound.
The hound is moderately wounded.
The hound bites you.
You barely miss the hound.
The hound is moderately wounded.
The hound bites you.
You hit the hound.
The hound is heavily wounded.
The hound barely misses you.
You hit the hound.
The hound is almost dead.
The hound misses you. x2
You hit the hound but do no damage.
The hound is almost dead.
The hound closely misses you.
You hit the hound.
The hound is almost dead.
The hound misses you.
You closely miss the hound.
The hound is almost dead.
The hound bites you.
You die...

###
#@#
#h#
#.#
#.#
#.#
#.#
#.#
#.#


You could see a hound.

Vanquished Creatures
  An endoplasm (D:3)
1 creature vanquished.

Notes
Turn   | Place    | Note
-------+----------+-------------------------------------------
     0 | D:1      | Bravepunisher the Spriggan Monk began the quest for the
                  | Orb.
     0 | D:1      | Reached XP level 1. HP: 11/11 MP: 2/2
    36 | D:2      | Found a faded altar of an unknown god.
    70 | D:2      | Noticed Natasha
    72 | D:2      | Noticed a cerulean imp
   217 | D:4      | Noticed an iguana
   244 | D:4      | Noticed an ogre
   263 | D:4      | Noticed an iguana
   274 | D:4      | Noticed an ogre
   349 | D:5      | Entered Level 5 of the Dungeon
   355 | D:5      | Noticed a scorpion
   365 | D:5      | Noticed a jelly
   366 | D:5      | Noticed a phantom
   376 | D:5      | Noticed a hound
   397 | D:6      | Slain by a hound

Illustrated notes

Levels and vault maps discovered:
D:1:      spicycebolla_arrival_xxxplode, layout_basic
D:2:      layout_basic, basic_altar,
          dreamdust_ecumenical_altar_angels_and_demons, uniq_natasha
D:3:      layout_loops_cross, gammafunk_temple_overflow_elements,
          mainiacjoe_overflow_boulevard, gammafunk_ghost_split,
          minmay_gold_behind_fungi, uniq_robin
D:4:      layout_loops_corners, marbit_many_paths
D:5:      layout_loops_cross, mainiacjoe_overflow_small_starburst
D:6:      layout_basic, nzn_wu_jian_council_hall, enter_ossuary_1,
          minmay_ruined_shrine

Action                     || total
---------------------------++-------
  Melee: Short sword       ||    15
    Use: Scroll            ||     1
         Potion            ||     1
 Armour: Robe              ||    17
  Dodge: Dodged            ||    32

Table legend: (Time is in decaauts)
 A = Elapsed time spent in this place.
 B = Non-inter-level travel time spent in this place.
 C = Inter-level travel time spent in this place.
 D = Time resting spent in this place.
 E = Time spent auto-exploring this place.
 F = Levels seen in this place.
 G = Mean time per level.
                   A        B        C        D        E       F      G
               +--------+--------+--------+--------+--------+-----+--------+
         Total |    268 |    268 |      0 |      0 |     65 |   6 |   44.7 |
       Dungeon |    268 |    268 |      0 |      0 |     65 |   6 |   44.7 |
               +--------+--------+--------+--------+--------+-----+--------+

Top non-repeatable levels by time:
     D:4: 122 daAuts
     D:2: 47 daAuts
     D:3: 45 daAuts
     D:5: 22 daAuts
     D:1: 18 daAuts
     D:6: 13 daAuts
